 Dungeon Crawl Stone Soup version 0.26.1-11-gd32895ea62 (webtiles) character file.

Game seed: 8196393531528681211

257 kodamatunes15 the Ducker (level 5, -1/27 HPs)
             Began as a Spriggan Gladiator on June 10, 2021.
             Slain by a swamp drake (13 damage)
             ... on level 3 of the Dungeon.
             The game lasted 00:06:44 (2379 turns).

kodamatunes15 the Ducker (Spriggan Gladiator)       Turns: 2379, Time: 00:06:45

Health: -1/27      AC:  4    Str: 10    XL:     5   Next: 93%
Magic:  6/6        EV: 21    Int: 11    God:
Gold:   86         SH:  0    Dex: 17    Spells: 4/4 levels left

rFire    . . .     SeeInvis +   s - +3 quarterstaff (chaos)
rCold    . . .     Faith    .   (shield currently unavailable)
rNeg     . . .     Spirit   .   b - +0 robe
rPois    .         Reflect  .   c - +0 hat
rElec    .         Harm     .   t - +1 cloak
rCorr    .         Rampage  .   (gloves unavailable)
Will     .....                  (boots unavailable)
Stlth    +.........             (no amulet)
HPRegen  0.09/turn              (no ring)
MPRegen  0.10/turn              (no ring)

@: confused, lethally poisoned (-1 -> -4), very quick
A: very small, unfitting armour, see invisible, speed 3
a: no special abilities


You were on level 3 of the Dungeon.
You visited 1 branch of the dungeon, and saw 3 of its levels.

You collected 86 gold pieces.

Inventory:

Hand Weapons
 a - a +0 rapier
 s - a +3 quarterstaff of chaos (weapon)
Missiles
 d - 3 throwing nets (quivered)
Armour
 b - a +0 robe (worn)
 c - a +0 hat (worn)
 t - a +1 cloak (worn)
Jewellery
 h - a cursed amulet of inaccuracy {unknown}
 i - an uncursed ring of willpower {unknown}
 l - a +4 ring of protection {unknown}
 o - an uncursed ring of magical power {unknown}
Scrolls
 g - 3 scrolls of remove curse {unknown}
 k - 2 scrolls of noise {unknown}
 p - a scroll of amnesia {unknown}
Potions
 e - a potion of degeneration
 f - a potion of attraction {unknown}
 j - a potion of mutation {unknown}
 m - a potion of magic {unknown}
 q - a potion of haste {unknown}
 r - a potion of curing {unknown}


   Skills:
 + Level 2.5 Fighting
 + Level 5.7 Short Blades
 + Level 2.0 Throwing
 + Level 6.1 Dodging
 + Level 2.0 Stealth


You had 4 spell levels left.
You didn't know any spells.
Your spell library was empty.

Dungeon Overview and Level Annotations

Branches:
Dungeon (3/15)

Altars:
Fedhas
Qazlal
Vehumet


Innate Abilities, Weirdness & Mutations

You are very small and have problems with some larger weapons.
You are too small for most types of armour.
You have supernaturally acute eyesight. (SInv)
You cover ground extremely quickly.


Message History

You are engulfed in noxious fumes.
You choke on the stench!
You are more confused.
The swamp drake misses you.
You closely miss the swamp drake.
The swamp drake is moderately wounded.
The swamp drake breathes poison at you.
The noxious blast engulfs you but does no damage.
You are more poisoned.
The swamp drake barely misses you.
You miss the swamp drake.
The swamp drake is heavily wounded.
You are engulfed in noxious fumes.
You choke on the stench!
You are more confused.
You feel sick. The swamp drake completely misses you.
You sock the swamp drake!
The swamp drake is severely wounded.
You are engulfed in noxious fumes.
You choke on the stench!
You are more confused.
The swamp drake bites you!
You die...

....†...##..#
...####.##..# ## #
#...#..#..
#.#.#..#.#
..(#....#.#
#.####..)..# #..
#...[.## #.#
#.#....#######°#
#.
#......°°°°@k°°# .
....#..######°####
###....# #°#
###..# #°# #.o#
#.# .... ... ##.#
#.# #.#


You could see a swamp drake (very poisoned, catching breath).

Vanquished Creatures
  Sigmund (D:2)
  Crazy Yiuf (D:2)
  2 adders (D:2)
  A worm (D:3)
  A dart slug (D:1)
  A leopard gecko (D:1)
  4 bats
  5 goblins
  7 hobgoblins
  3 quokkas (D:2)
  2 frilled lizards
  9 kobolds
  8 rats
45 creatures vanquished.

Vanquished Creatures (others)
  5 plants (D:2)
5 creatures vanquished.

Grand Total: 50 creatures vanquished

Notes
Turn   | Place    | Note
-------+----------+-------------------------------------------
     0 | D:1      | kodamatunes15 the Spriggan Gladiator began the quest for
                  | the Orb.
     0 | D:1      | Reached XP level 1. HP: 10/10 MP: 2/2
   108 | D:1      | Reached XP level 2. HP: 14/14 MP: 3/3
   296 | D:1      | Reached skill level 5 in Dodging
   480 | D:2      | Found a stormy altar of Qazlal.
   487 | D:2      | Found a blossoming altar of Fedhas.
   489 | D:2      | Found a radiant altar of Vehumet.
   538 | D:2      | Reached XP level 3. HP: 14/18 MP: 4/4
   830 | D:2      | Noticed Sigmund
   843 | D:2      | Killed Sigmund
   844 | D:2      | Reached skill level 5 in Short Blades
   844 | D:2      | Reached skill level 1 in Stealth
   844 | D:2      | Reached XP level 4. HP: 9/23 MP: 1/5
   844 | D:2      | Reached XP level 5. HP: 11/27 MP: 1/6
  1400 | D:2      | Reached skill level 6 in Dodging
  1619 | D:2      | Found a runed translucent door.
  1620 | D:2      | Noticed Crazy Yiuf
  1856 | D:2      | HP: 1/25 [Crazy Yiuf/+3 quarterstaff of chaos (5)]
  1857 | D:2      | Killed Crazy Yiuf
  2372 | D:3      | Noticed a swamp drake
  2372 | D:3      | a worm changed into a swamp drake
  2379 | D:3      | Slain by a swamp drake

Illustrated notes

Levels and vault maps discovered:
D:1:      dpeg_arrival_orchard, layout_rooms
D:2:      layout_loops_ring, gammafunk_temple_overflow_forgotten, serial_forest,
          infiniplex_forest_diagonal, infiniplex_forest_zigzag_1,
          infiniplex_forest_clump_tiny, infiniplex_forest_clump_C,
          infiniplex_forest_join, infiniplex_forest_clump_long,
          infiniplex_forest_clump_diagonal, infiniplex_forest_fountain,
          minmay_circle_x, uniq_sigmund, uniq_crazy_yiuf_cottage
D:3:      layout_loops_ring, uniq_ijyb

Skill      XL: |  1  2  3  4  5 |
---------------+----------------+-----
Dodging        | 5 6 |  6.1
Fighting       | 2 |  2.5
Short Blades   | 5 |  5.7
Stealth        | 1 2 |  2.0
Throwing       | |  2.0

Action                   |  1- 3 |  4- 6 || total
-------------------------+-------+-------++-------
Melee: Rapier            |    95 |    61 ||   156
       Quarterstaff      |       |    52 ||    52
  Use: Scroll            |     3 |       ||     3
 Stab: Sleeping          |     2 |     4 ||     6
Armor: Robe              |     8 |     3 ||    11
Dodge: Dodged            |    78 |    58 ||   136
